SR
REDWOOD RHINOS @ FRANKLIN FIRE
07/17/2038
 
TOP OF THE 1ST
Redwood Rhinos batting - Pitching for Franklin Fire : LHP Biff Pocoroba
Pitching: LHP Biff Pocoroba
Batting: SHB Nathan Brannon 0-0: Called Strike
0-1: Called Strike
0-2: Strikes out swinging
Batting: RHB John Yossarian 0-0: Ball
1-0: Ball
2-0: Called Strike
2-1: Called Strike
2-2: Ball
3-2: Fly out, F7 (Flyball, 7LM, EV 96.9 MPH)
Batting: RHB Lautaro Lacasa 0-0: Fly out, F7 (Flyball, 7, EV 89.4 MPH)
Top of the 1st over - 0 runs, 0 hits, 0 errors, 0 left on base; Redwood 0 - Franklin 0
BOTTOM OF THE 1ST
Franklin Fire batting - Pitching for Redwood Rhinos : LHP Daryl Clague
Pitching: LHP Daryl Clague
Batting: RHB Tucker Sanford 0-0: Ground out 4-3 (Groundball, 34, EV 83.1 MPH)
Batting: RHB Charlie Yaeger 0-0: Called Strike
0-1: Foul Ball, location: 2F
0-2: Ball
1-2: Strikes out looking
Batting: RHB Nick McGhee 0-0: Called Strike
0-1: Ball
1-1: Ball
2-1: Foul Ball, location: 2F
2-2: Strikes out swinging
Bottom of the 1st over - 0 runs, 0 hits, 0 errors, 0 left on base; Redwood 0 - Franklin 0
TOP OF THE 2ND
Redwood Rhinos batting - Pitching for Franklin Fire : LHP Biff Pocoroba
Batting: RHB Joe Hensball 0-0: Called Strike
0-1: Ball
1-1: Foul Ball, location: 2F
1-2: Foul Ball, location: 2F
1-2: Ground out 1-3 (Groundball, 15, EV 91.2 MPH)
Batting: LHB Jae-seop Byeon 0-0: Swinging Strike
0-1: Ball
1-1: Called Strike
1-2: Ball
2-2: Fly out, F4 (Flyball, 34D, EV 90.6 MPH)
Batting: RHB Juan Lugo 0-0: Called Strike
0-1: Ball
1-1: Single, Error in OF, E8, batter to second base (Line Drive, 8RS, EV 100.0 MPH)
Batting: RHB Donald Boyd 0-0: Swinging Strike
0-1: Swinging Strike
0-2: Foul Ball, location: 2F
0-2: Strikes out swinging
Top of the 2nd over - 0 runs, 1 hit, 1 error, 1 left on base; Redwood 0 - Franklin 0
BOTTOM OF THE 2ND
Franklin Fire batting - Pitching for Redwood Rhinos : LHP Daryl Clague
Batting: RHB Alejandro González 0-0: Called Strike
0-1: Ball
1-1: Foul Ball, location: 2F
1-2: Ball
2-2: Ball
3-2: Strikes out swinging
Batting: LHB Zak Makepeace 0-0: Called Strike
0-1: Called Strike
0-2: Strikes out looking
Batting: LHB Bobby Verstraten 0-0: Called Strike
0-1: Foul Ball, location: 2F
0-2: Fly out, F2 (Popup, 2L, EV 98.8 MPH)
Bottom of the 2nd over - 0 runs, 0 hits, 0 errors, 0 left on base; Redwood 0 - Franklin 0
TOP OF THE 3RD
Redwood Rhinos batting - Pitching for Franklin Fire : LHP Biff Pocoroba
Batting: LHB Jeffery Smith 0-0: Foul Ball, location: 2F
0-1: Ground out 4-3 (Groundball, 4, EV 93.1 MPH)
Batting: LHB Boboy Enabore 0-0: Called Strike
0-1: Swinging Strike
0-2: Ball
1-2: Foul Ball, location: 2F
1-2: Ball
2-2: Ball
3-2: Strikes out swinging
Batting: SHB Nathan Brannon 0-0: Ball
1-0: Ball
2-0: Called Strike
2-1: Ball
3-1: Called Strike
3-2: Strikes out swinging
Top of the 3rd over - 0 runs, 0 hits, 0 errors, 0 left on base; Redwood 0 - Franklin 0
BOTTOM OF THE 3RD
Franklin Fire batting - Pitching for Redwood Rhinos : LHP Daryl Clague
Batting: RHB Randy Baker 0-0: SINGLE (Line Drive, 8LS, EV 104.4 MPH)
Batting: SHB Millard Jones 0-0: Ball
1-0: Ball
2-0: Ball
3-0: Called Strike
3-1: Called Strike
3-2: Ground out 3-1 (Groundball, 3, EV 83.1 MPH)
Randy Baker to second
Batting: SHB Roberto Arroyo 0-0: Foul Ball, location: 2F
0-1: Ball
1-1: Foul Ball, location: 2F
1-2: SINGLE (Groundball, 56D, EV 108.1 MPH)
Randy Baker to third
Batting: RHB Tucker Sanford 0-0: Fly out, F8 (Flyball, 8LM, EV 96.9 MPH)
Batting: RHB Charlie Yaeger 0-0: Called Strike
0-1: Ball
1-1: Foul Ball, location: 2F
1-2: Fielders Choice at 2nd, 6-4 (Groundball, 6, EV 80.0 MPH)
Bottom of the 3rd over - 0 runs, 2 hits, 0 errors, 2 left on base; Redwood 0 - Franklin 0
TOP OF THE 4TH
Redwood Rhinos batting - Pitching for Franklin Fire : LHP Biff Pocoroba
Batting: RHB John Yossarian 0-0: Ball
1-0: Foul Ball, location: 2F
1-1: Ground out 3-1 (Groundball, 34, EV 107.5 MPH)
Batting: RHB Lautaro Lacasa 0-0: Swinging Strike
0-1: Ball
1-1: Called Strike
1-2: DOUBLE (Flyball, 8RXD, EV 100.0 MPH)
Batting: RHB Joe Hensball 0-0: Fly out, F7 (Flyball, 7S, EV 94.4 MPH)
Batting: LHB Jae-seop Byeon 0-0: DOUBLE (Line Drive, 89XD, EV 100.0 MPH)
Lautaro Lacasa scores
Batting: RHB Juan Lugo 0-0: Ball
1-0: Swinging Strike
1-1: Ball
2-1: Ball
3-1: Called Strike
3-2: Strikes out looking
Top of the 4th over - 1 run, 2 hits, 0 errors, 1 left on base; Redwood 1 - Franklin 0
BOTTOM OF THE 4TH
Franklin Fire batting - Pitching for Redwood Rhinos : LHP Daryl Clague
Batting: RHB Nick McGhee 0-0: Ball
1-0: Called Strike
1-1: Ball
2-1: DOUBLE (Line Drive, 7LS, EV 113.1 MPH)
Batting: RHB Alejandro González 0-0: Ball
1-0: Swinging Strike
1-1: Foul Ball, location: 2F
1-2: Ground out U3 (Groundball, 34, EV 80.6 MPH)
Nick McGhee to third
Batting: LHB Zak Makepeace 0-0: Ball
1-0: Foul Ball, location: 2F
1-1: Foul Ball, location: 2F
1-2: Ball
2-2: Strikes out looking
Batting: LHB Bobby Verstraten 0-0: Called Strike
0-1: Called Strike
0-2: Strikes out swinging
Bottom of the 4th over - 0 runs, 1 hit, 0 errors, 1 left on base; Redwood 1 - Franklin 0
TOP OF THE 5TH
Redwood Rhinos batting - Pitching for Franklin Fire : LHP Biff Pocoroba
Batting: RHB Donald Boyd 0-0: Called Strike
0-1: Ground out 6-3 (Groundball, 6S, EV 62.5 MPH)
Batting: LHB Jeffery Smith 0-0: Called Strike
0-1: Ball
1-1: Foul Ball, location: 2F
1-2: Foul Ball, location: 2F
1-2: Foul Ball, location: 2F
1-2: SINGLE (Line Drive, 78S, EV 95.6 MPH)
Batting: LHB Boboy Enabore 0-0: SINGLE (Flyball, 89S, EV 91.9 MPH)
Jeffery Smith to second
Batting: SHB Nathan Brannon 0-0: Ground out 5-3 (Groundball, 56, EV 90.6 MPH)
Jeffery Smith to third
Boboy Enabore to second
Batting: RHB John Yossarian 0-0: Ball
1-0: Called Strike
1-1: Foul Ball, location: 2F
1-2: Fly out, F8 (Flyball, 8RD, EV 98.1 MPH)
Top of the 5th over - 0 runs, 2 hits, 0 errors, 2 left on base; Redwood 1 - Franklin 0
BOTTOM OF THE 5TH
Franklin Fire batting - Pitching for Redwood Rhinos : LHP Daryl Clague
Batting: RHB Randy Baker 0-0: Ground out 6-3 (Groundball, 6, EV 102.5 MPH)
Batting: SHB Millard Jones 0-0: Ball
1-0: Ball
2-0: Foul Ball, location: 2F
2-1: Fly out, F7 (Flyball, 7S, EV 80.6 MPH)
Batting: SHB Roberto Arroyo 0-0: Called Strike
0-1: Ball
1-1: Called Strike
1-2: Ball
2-2: Ball
3-2: Foul Ball, location: 2F
3-2: Ground out U3 (Groundball, 34, EV 90.6 MPH)
Bottom of the 5th over - 0 runs, 0 hits, 0 errors, 0 left on base; Redwood 1 - Franklin 0
TOP OF THE 6TH
Redwood Rhinos batting - Pitching for Franklin Fire : LHP Biff Pocoroba
Batting: RHB Lautaro Lacasa 0-0: Called Strike
0-1: Ball
1-1: Foul Ball, location: 2F
1-2: Ball
2-2: Strikes out swinging
Batting: RHB Joe Hensball 0-0: Ball
1-0: Called Strike
1-1: Called Strike
1-2: Fly out, F8 (Flyball, 89D, EV 96.2 MPH)
Batting: LHB Jae-seop Byeon 0-0: Called Strike
0-1: Ball
1-1: Ball
2-1: Swinging Strike
2-2: Foul Ball, location: 2F
2-2: Ball
3-2: Strikes out swinging
Top of the 6th over - 0 runs, 0 hits, 0 errors, 0 left on base; Redwood 1 - Franklin 0
BOTTOM OF THE 6TH
Franklin Fire batting - Pitching for Redwood Rhinos : LHP Daryl Clague
Batting: RHB Tucker Sanford 0-0: Swinging Strike
0-1: Ball
1-1: SINGLE (Flyball, 7S, EV 81.9 MPH)
Batting: RHB Charlie Yaeger 0-0: Called Strike
Tucker Sanford is caught stealing 2nd base 2-4
0-1: Ball
1-1: Ball
2-1: Ground out 4-3 (Groundball, 4, EV 83.8 MPH)
Batting: RHB Nick McGhee 0-0: Ball
1-0: Fly out, F7 (Flyball, 7LS, EV 91.9 MPH)
Bottom of the 6th over - 0 runs, 1 hit, 0 errors, 0 left on base; Redwood 1 - Franklin 0
TOP OF THE 7TH
Redwood Rhinos batting - Pitching for Franklin Fire : LHP Biff Pocoroba
Batting: RHB Juan Lugo 0-0: Ball
1-0: Swinging Strike
1-1: Ball
2-1: Ground out 4-3 (Groundball, 34, EV 83.8 MPH)
Batting: RHB Donald Boyd 0-0: Called Strike
0-1: Foul Ball, location: 2F
0-2: Strikes out swinging
Batting: LHB Jeffery Smith 0-0: Ball
1-0: Ball
2-0: Foul Ball, location: 2F
2-1: Fly out, F8 (Flyball, 8RM, EV 90.6 MPH)
Top of the 7th over - 0 runs, 0 hits, 0 errors, 0 left on base; Redwood 1 - Franklin 0
BOTTOM OF THE 7TH
Franklin Fire batting - Pitching for Redwood Rhinos : LHP Daryl Clague
Batting: RHB Alejandro González 0-0: Ball
1-0: Fly out, F9 (Line Drive, 9, EV 102.5 MPH)
Batting: LHB Zak Makepeace 0-0: Ball
1-0: Ball
2-0: Called Strike
2-1: Foul Ball, location: 2F
2-2: Strikes out swinging
Batting: LHB Bobby Verstraten 0-0: Called Strike
0-1: Ball
1-1: Swinging Strike
1-2: Strikes out swinging, 2-3 out at first.
Bottom of the 7th over - 0 runs, 0 hits, 0 errors, 0 left on base; Redwood 1 - Franklin 0
TOP OF THE 8TH
Redwood Rhinos batting - Pitching for Franklin Fire : LHP Biff Pocoroba
Batting: LHB Boboy Enabore 0-0: Ball
1-0: Fly out, F7 (Flyball, 7LMF, EV 90.6 MPH)
Batting: SHB Nathan Brannon 0-0: Ball
1-0: Called Strike
1-1: Foul Ball, location: 2F
1-2: Strikes out swinging
Batting: RHB John Yossarian 0-0: Ball
1-0: Fly out, F8 (Line Drive, 8LD, EV 104.4 MPH)
Top of the 8th over - 0 runs, 0 hits, 0 errors, 0 left on base; Redwood 1 - Franklin 0
BOTTOM OF THE 8TH
Franklin Fire batting - Pitching for Redwood Rhinos : LHP Daryl Clague
Batting: RHB Randy Baker 0-0: Fly out, F9 (Flyball, 89S, EV 93.1 MPH)
Batting: SHB Millard Jones 0-0: Called Strike
0-1: Ball
1-1: Swinging Strike
1-2: Fly out, F8 (Flyball, 8LD, EV 100.6 MPH)
Batting: SHB Roberto Arroyo 0-0: Called Strike
0-1: Foul Ball, location: 2F
0-2: Strikes out looking
Bottom of the 8th over - 0 runs, 0 hits, 0 errors, 0 left on base; Redwood 1 - Franklin 0
TOP OF THE 9TH
Redwood Rhinos batting - Pitching for Franklin Fire : LHP Biff Pocoroba
Batting: RHB Lautaro Lacasa 0-0: Ball
1-0: Swinging Strike
1-1: Ball
2-1: SINGLE (Groundball, 25, EV 70.0 MPH) (infield hit)
Pitching: RHP Gan Hui
Batting: RHB Joe Hensball 0-0: Called Strike
0-1: Called Strike
0-2: Strikes out looking
Batting: LHB Jae-seop Byeon 0-0: Ball
Lautaro Lacasa steals 2nd base
1-0: Intentional Walk
Batting: RHB Juan Lugo 0-0: Ball
1-0: Swinging Strike
1-1: Foul Ball, location: 2F
1-2: Ball
2-2: Ball
3-2: Strikes out swinging
Batting: RHB Donald Boyd 0-0: Swinging Strike
0-1: Called Strike
0-2: Strikes out swinging
Top of the 9th over - 0 runs, 1 hit, 0 errors, 2 left on base; Redwood 1 - Franklin 0
BOTTOM OF THE 9TH
Franklin Fire batting - Pitching for Redwood Rhinos : LHP Daryl Clague
Pitching: RHP Javier Merlo
Batting: RHB Tucker Sanford 0-0: Ball
1-0: Ball
2-0: Fly out, F9 (Flyball, 9LSF, EV 86.9 MPH)
Batting: RHB Charlie Yaeger 0-0: Called Strike
0-1: Ball
1-1: Fly out, F4 (Popup, 23, EV 86.2 MPH)
Batting: RHB Nick McGhee 0-0: Ball
1-0: Called Strike
1-1: Called Strike
1-2: Strikes out swinging
Bottom of the 9th over - 0 runs, 0 hits, 0 errors, 0 left on base; Redwood 1 - Franklin 0
Friday, April 17th, 2020 - OOTP Baseball 20.8 Build 74